 Dungeon Crawl Stone Soup version 0.21-a0-517-gd76cfe0 (webtiles) character file.

130 slep the Skirmisher (level 5, 0/43 HPs)
             Began as a Barachi Monk on Dec 3, 2017.
             Slain by an ogre
             ... wielding a cursed -1 giant spiked club
              (17 damage)
             ... on level 4 of the Dungeon.
             The game lasted 00:08:37 (2219 turns).

slep the Skirmisher (Barachi Monk)                  Turns: 2219, Time: 00:08:37

Health: 0/43       AC:  5    Str: 12    XL:     5   Next: 13%
Magic:  5/5        EV: 12    Int: 10    God:
Gold:   202        SH:  0    Dex: 16    Spells: 4/4 levels left

rFire    . . .     SeeInvis .   b - +0 spear (pain)
rCold    . . .     Gourm    .   (no shield)
rNeg     . . .     Faith    .   d - +0 ring mail
rPois    .         Spirit   .   (no helmet)
rElec    .         Reflect  .   (no cloak)
rCorr    .         Harm     .   (no gloves)
MR       .....                  (no boots)
Stlth    +.........             (no amulet)
HPRegen  0.14/turn              (no ring)
MPRegen  0.09/turn              (no ring)

@: slow
A: +LOS, swims, slowness 1, strong legs 1
a: Hop


You were on level 4 of the Dungeon.
You were not hungry.

You visited 1 branch of the dungeon, and saw 4 of its levels.

You collected 202 gold pieces.

Inventory:

Hand Weapons
 a - a +0 hand axe
 b - a +0 spear of pain (weapon)
Armour
 d - a +0 ring mail (worn)
 h - a +0 robe
Scrolls
 e - 4 scrolls of magic mapping {unknown}
 g - 2 scrolls of teleportation {unknown}
 i - a scroll of remove curse {unknown}
 j - a scroll of enchant armour {unknown}
 m - 4 scrolls of identify {unknown}
 q - a scroll of blinking {unknown}
 u - a scroll of enchant weapon {unknown}
 v - a scroll of fog {unknown}
 w - a scroll of immolation {unknown}
Potions
 k - a potion of agility {unknown}
 l - a potion of flight {unknown}
 n - 3 potions of curing {unknown}
 p - a potion of ambrosia {unknown}
 t - a potion of mutation {unknown}
Comestibles
 c - 2 bread rations
 f - 9 fruits
 o - 2 meat rations
 r - a royal jelly


   Skills:
 + Level 4.5 Fighting
 + Level 4.3(4.5) Axes
 + Level 1.4(2.9) Polearms
 + Level 1.4 Armour
 + Level 3.9 Dodging
 + Level 2.2 Stealth


You had 4 spell levels left.
You didn't know any spells.

Dungeon Overview and Level Annotations

Branches:
Dungeon (4/15)
 Temple: D:4-7

Altars:


Innate Abilities, Weirdness & Mutations

Shadows flee at your approach. (+LOS)
You can swim through water.
You cover ground slowly.
You can hop short distances.


Message History

You hit the ogre.
The ogre is heavily wounded.
The ogre hits you but does no damage.
You hit the ogre but do no damage.
The ogre is heavily wounded.
You hit the ogre.
The ogre is heavily wounded.
The ogre hits you with a giant spiked club!
You hit the ogre.
The ogre is severely wounded.
The ogre closely misses you.
You barely miss the ogre.
The ogre is severely wounded.
You hit the ogre.
The ogre is severely wounded.
The ogre hits you with a giant spiked club!
You hit the ogre.
The ogre is severely wounded.
The ogre hits you with a giant spiked club!
You die...

## .. #<#####
#.O@..# #
#####.#
#.#.....#
######.#.#####
......>..#
######.#.# #.#
###.#.## #.#
+......## #.#
###.#...# #.#


You could see an ogre.

Vanquished Creatures
  5 adders
  A worm (D:3)
  A dart slug (D:1)
  4 leopard geckos
  3 orcs (D:3)
  A ball python (D:2)
  6 giant cockroaches
  6 goblins
  9 hobgoblins
  4 jackals (D:3)
  A quokka (D:3)
  8 bats
  12 frilled lizards
  5 kobolds
  6 rats
72 creatures vanquished.

Notes
Turn   | Place    | Note
-------+----------+-------------------------------------------
     0 | D:1      | slep the Barachi Monk began the quest for the Orb.
     0 | D:1      | Reached XP level 1. HP: 18/18 MP: 1/1
   104 | D:1      | Reached XP level 2. HP: 19/25 MP: 2/2
   849 | D:2      | Reached XP level 3. HP: 30/30 MP: 3/3
  1277 | D:2      | Reached skill level 1 in Armour
  1599 | D:3      | Reached XP level 4. HP: 24/37 MP: 4/4
  1606 | D:3      | Reached skill level 1 in Polearms
  2029 | D:3      | Reached XP level 5. HP: 31/43 MP: 5/5
  2206 | D:4      | Noticed an ogre
  2219 | D:4      | Slain by an ogre

Vault maps used:
D:1:      dpeg_arrival_simpleton_b
D:4:      serial_shops, shop, first_bread

Skill      XL: |  1  2  3  4 |
---------------+-------------+-----
Stealth        | 2 |  2.2
Fighting       | 4 |  4.5
Armour         | 1 |  1.4
Polearms       | 1 |  1.4
Axes           | 4 |  4.3
Dodging        | |  3.9

Action                   |  1- 3 |  4- 6 || total
-------------------------+-------+-------++-------
Melee: Hand axe          |    69 |    99 ||   168
       Spear             |   103 |    24 ||   127
 Stab: Sleeping          |     1 |     3 ||     4
  Eat: Chunk             |     3 |     3 ||     6
Armor: Ring mail         |    62 |    37 ||    99
Dodge: Dodged            |   118 |    86 ||   204

Table legend:
 A = Spawn XP
 B = Non-spawn XP
 C = Spawn XP percentage of total XP
 D = Spawn monster count
 E = Non-spawn monster count
 F = Spawn count percentage of total count
 G = Total turns spent on level
                    A         B        C        D         E        F      G
               +---------+---------+-------+---------+---------+-------+---------
         Total |       0 |     186 |   0.0 |       0 |      72 |   0.0 |  2219
               +---------+---------+-------+---------+---------+-------+---------
           D:1 |       0 |      31 |   0.0 |       0 |      18 |   0.0 |   836
           D:2 |       0 |      45 |   0.0 |       0 |      21 |   0.0 |   705
           D:3 |       0 |      97 |   0.0 |       0 |      32 |   0.0 |   634
           D:4 |       0 |      13 |   0.0 |       0 |       1 |   0.0 |    44
               +---------+---------+-------+---------+---------+-------+---------
